 Dungeon Crawl Stone Soup version 0.15.0-14-g6bbbb5c (webtiles) character file.

116 tcjsavannah the Insei (level 4, -3/35 HPs)
             Began as a Draconian Transmuter on Sept 3, 2014.
             Slain by an orc
             ... wielding a +0 short sword
              (5 damage)
             ... on Level 3 of the Dungeon.
             The game lasted 00:10:16 (1762 turns).

tcjsavannah the Insei (Draconian Transmuter)        Turns: 1762, Time: 00:10:16

HP  -3/35        AC  5     Str 17      XL: 4   Next: 70%
MP   2/7         EV 11     Int 14      God:
Gold 93          SH  5     Dex 12      Spells:  3 memorised,  1 level left

rFire  . . .     SeeInvis .       - Unarmed
rCold  . . .     Clarity  .     (armour unavailable)
rNeg   . . .     rCorr    .     v - +2 buckler
rPois  .         rRot     .     (helmet restricted)
rElec  .         Spirit   .     (no cloak)
SustAb .         Warding  .     (no gloves)
rMut   .         Stasis   .     (no boots)
Gourm  .                        (no amulet)
MR     .....                    (no ring)
                                (no ring)

@: mighty, appendage (expiring), very slightly contaminated, not resistant to
hostile enchantments, very unstealthy
A: unfitting armour, horns 2, cold-blooded, AC +5
a: End Transformation


You were on level 3 of the Dungeon.
You were not hungry.
You had grown temporary horns.
You visited 1 branch of the dungeon, and saw 3 of its levels.

You collected 93 gold pieces.

Inventory:

Hand weapons
 e - a +0 dagger
 k - a cursed -1 dagger
 n - a cursed -2 whip
Missiles
 b - 67 arrows
 i - 25 stones (quivered)
Armour
 v - a +2 buckler (worn)
Comestibles
 a - a bread ration
 s - a meat ration
Scrolls
 c - 4 scrolls of identify {unknown}
 f - a scroll of magic mapping {unknown}
 g - 2 scrolls of random uselessness {unknown}
Potions
 l - a potion of lignification {unknown}
 o - 2 potions of porridge
 t - a potion of poison {unknown}
Books
 d - a book of Changes

   Spells                             Type                      Level
   *Beastly Appendage                 Transmutation                1
   *Sticks to Snakes                  Transmutation                2
   *Spider Form                       Transmutation/Poison         3
   Ice Form                           Ice/Transmutation            4
   Blade Hands                        Transmutation                5


   Skills:
 - Level 1.1 Fighting
 - Level 1.7 Dodging
 * Level 1.3 Shields
 + Level 5.2 Unarmed Combat
 - Level 2.0 Spellcasting
 - Level 2.0 Transmutations


You had one spell level left.
You knew the following spells:

 Your Spells              Type           Power        Failure   Level  Hunger
a - Beastly Appendage     Trmt           #.....       12%         1    ##.....
b - Sticks to Snakes      Trmt           #.........   17%         2    ###....
c - Spider Form           Trmt/Pois      #.........   47%         3    ####...


Dungeon Overview and Level Annotations

Branches:
Dungeon (3/15)

Altars:
Cheibriados
Elyvilon
Qazlal
Vehumet


Innate Abilities, Weirdness & Mutations

Your plain brown scales are hard (AC +5).
Your body does not fit into most forms of armour.
Your cold-blooded metabolism reacts poorly to cold.
You have a pair of horns on your head.


Message History

You block the puff of flame. The orc closely misses you.
Drink which item? (? for menu, Esc to quit)
You feel better. You block the orc wizard's attack. The orc misses you.
The orc closely misses you. The orc hits you but does no damage.
Drink which item? (? for menu, Esc to quit)
You feel very mighty all of a sudden.
It was a potion of might.
The orc wizard hits you but does no damage.
The orc closely misses you. The orc wizard closely misses you.
The orc hits you with a glowing morningstar.
* * * LOW HITPOINT WARNING * * *
Drink which item? (? for menu, Esc to quit)
You feel better. The orc hits you with a short sword.
You block the orc wizard's attack. The orc barely misses you.
You punch the orc wizard!
You kill the orc wizard!
The orc hits you with a glowing morningstar!
* * * LOW HITPOINT WARNING * * *
The orc hits you with a short sword.
You die...

..................
.....................
......................
.......................
........................
........................
.......................(
.................o.......
......).........@o.......
................o).......
........................
........................
........................
........[..............
......................
....).............%..
..................


You could see 3 orcs.

Vanquished Creatures
  An orc wizard (D:3)
  An adder (D:2)
  A worm (D:2)
  An ooze (D:2)
  3 giant cockroaches
  8 goblins
  3 hobgoblins (D:1)
  3 jackals (D:3)
  15 kobolds
  3 quokkas
  12 bats
  6 giant newts
  14 rats
71 creatures vanquished.

Vanquished Creatures (collateral kills)
  An adder (D:2)
  2 worms (D:2)
  A hobgoblin (D:2)
4 creatures vanquished.

Grand Total: 75 creatures vanquished

Notes
Turn   | Place    | Note
--------------------------------------------------------------
     0 | D:1      | tcjsavannah, the Draconian Transmuter, began the quest for the Orb.
     0 | D:1      | Reached XP level 1. HP: 16/16 MP: 3/3
   104 | D:1      | Reached XP level 2. HP: 15/23 MP: 4/4
   130 | D:1      | Learned a level 2 spell: Sticks to Snakes
   256 | D:1      | Reached skill level 4 in Unarmed Combat
   392 | D:1      | Reached XP level 3. HP: 21/28 MP: 4/6
   489 | D:1      | Learned a level 3 spell: Spider Form
  1076 | D:2      | Found a white marble altar of Elyvilon.
  1087 | D:2      | Found a snail-covered altar of Cheibriados.
  1101 | D:2      | Found a radiant altar of Vehumet.
  1127 | D:2      | Reached XP level 4. HP: 32/35 MP: 7/7
  1446 | D:2      | Reached skill level 1 in Shields
  1591 | D:2      | Reached skill level 5 in Unarmed Combat
  1596 | D:2      | Found a stormy altar of Qazlal.
  1762 | D:3      | Slain by an orc

Action                   |  1- 3 |  4- 6 || total
-------------------------+-------+-------++-------
Melee: Unarmed           |   159 |    50 ||   209
Throw: Stone             |     4 |     7 ||    11
 Cast: Beastly Appendage |    24 |     9 ||    33
       Sticks to Snakes  |     4 |     3 ||     7
  Use: Potion            |       |     4 ||     4
 Stab: Distracted        |     1 |     1 ||     2
       Sleeping          |     1 |       ||     1
  Eat: Chunk             |     2 |     2 ||     4
